 Dungeon Crawl Stone Soup version 0.30-a0-6-g7c9e10e132 (webtiles) character file.

Game seed: 15091313679640535496

61 xian the Gusty (level 3, -2/14 HPs)
             Began as a Felid Air Elementalist on Aug 23, 2022.
             Was a Plaything of Xom.
             Slain by a worm (9 damage)
             ... on level 3 of the Dungeon.
             The game lasted 00:06:18 (2503 turns).

xian the Gusty (Felid Air Elementalist)             Turns: 2503, Time: 00:06:18

Health: -2/14      AC:  1    Str:  4    XL:     3   Next: 83%
Magic:  1/7        EV: 17    Int: 24    God:    Xom [..*...]
Gold:   52         SH:  0    Dex: 16    Spells: 1/7 levels left
                                        Lives:  0   Deaths: 0

rFire   . . .      SeeInvis +    (weapon unavailable)
rCold   . . .      Faith    .    (shield unavailable)
rNeg    . . .      Spirit   .    (body armour unavailable)
rPois   .          Reflect  .    (helmet unavailable)
rElec   .          Harm     .    (cloak unavailable)
rCorr   .          Rampage  .    (gloves unavailable)
Will    .....                    (boots unavailable)
Stlth   ++........               (no amulet)
HPRegen 0.04/turn                m - +6 ring of intelligence
MPRegen 0.10/turn                o - ring of flight

@: flying, invisible, quick
A: very small, claws 1, fangs 3, see invisible, speed 1, shaggy fur 1, stealthy
paws, no weapons or thrown items, no armour, multi-lived
a: Renounce Religion


You were on level 3 of the Dungeon.
You worshipped Xom.
You were a toy of Xom.
You visited 1 branch of the dungeon, and saw 3 of its levels.

You collected 52 gold pieces.

Inventory:

Jewellery
 m - a +6 ring of intelligence (left paw)
 o - a ring of flight (right paw)
Wands
 h - a wand of iceblast (9)
Scrolls
 b - 2 scrolls of identify {unknown}
 d - a scroll of enchant weapon {unknown}
 f - a scroll of teleportation {unknown}
 i - a scroll of fog {unknown}
 j - a scroll of magic mapping {unknown}
 q - a scroll of summoning {unknown}
Potions
 a - a potion of magic
 c - 2 potions of heal wounds {unknown}
 e - a potion of invisibility {unknown}
 g - a potion of flight {unknown}
 k - a potion of degeneration {unknown}
 l - 3 potions of might {unknown}
 n - a potion of cancellation {unknown}
 p - a potion of brilliance {unknown}


   Skills:
 + Level 3.0 Dodging
 + Level 3.0 Stealth
 + Level 2.6 Spellcasting
 + Level 1.5 Conjurations
 + Level 3.4 Air Magic


You had one spell level left.
You knew the following spells:

 Your Spells              Type           Power      Damage    Failure   Level
a - Shock                 Conj/Air       60%        1d6       4%          1
b - Static Discharge      Conj/Air       15%        3-5/arc   6%          2
c - Swiftness             Air            19%        N/A       9%          3

Your spell library contained the following spells:

 Spells                   Type           Power      Damage    Failure   Level
 Airstrike                Air            9%         2d(2-18)  26%         4
 Gell's Gravitas          Tloc           3%         N/A       34%         3
 Teleport Other           Tloc           3%         N/A       34%         3
 Tukima's Dance           Hex            3%         N/A       34%         3
 Summon Ice Beast         Ice/Summ       3%         N/A       75%         4
 Blade Hands              Tmut           1%         N/A       97%         5
 Summon Mana Viper        Hex/Summ       3%         N/A       97%         5
 Dispersal                Tloc           1%         N/A       100%        6
 Monstrous Menagerie      Summ           1%         N/A       100%        7
 Portal Projectile        Hex/Tloc       Unusable   N/A       N/A         3

Dungeon Overview and Level Annotations

Branches:
Dungeon (3/15)

Altars:
Gozag
Xom


Innate Abilities, Weirdness & Mutations

You have sharp claws.
You have razor-sharp teeth.
You have supernaturally acute eyesight. (SInv)
You cover ground quickly. (Speed+)
You are covered in fur. (AC +1)
Your paws help you pounce on unaware monsters.
You are incapable of wielding weapons or throwing items.
You cannot wear armour.
You gain extra lives every three experience levels.


Message History

You kill the frilled lizard!
You can't see any susceptible monsters within range! (Use Z to cast anyway.)
You now have 52 gold pieces (gained 16).
p - a cyan potion
q - a scroll labelled YCOARRAMPY A worm comes into view. "Go forth and destroy!"
You fade into invisibility!
The zap hits the worm.
The worm is moderately wounded.
The zap hits the worm.
The worm is moderately wounded.
The zap hits the worm.
The worm is moderately wounded.
The zap hits the worm.
The worm is heavily wounded.
The zap hits the worm.
The worm is severely wounded.
You can't see any susceptible monsters within range! (Use Z to cast anyway.)
The zap misses the worm.
The zap hits the worm.
The worm is severely wounded.
You are out of magic!
You are out of magic!
You are out of magic!
You are out of magic!
A kobold comes into view. It is wielding a +0 dagger.
You scratch the worm but do no damage.
The worm is heavily wounded.
The worm bites you!
Ouch! That really hurt!
You scratch the worm but do no damage.
The worm is heavily wounded.
You scratch the worm.
The worm is severely wounded.
You scratch the worm but do no damage. You bite the worm.
The worm is severely wounded.
The worm bites you!
Ouch! That really hurt!
You die...

# #.#.# ## #.#.## #.
#....###########.
................
...#.....#####.
#.##...<.......
#..######.##.....######
#....w@....##...##
#.#######......##
##.##### #.# #K# #.#
#.# #.# ## #.# #.


You could see a worm (unable to see you).

Vanquished Creatures
  An adder (D:2)
  A worm (D:2)
  A dart slug (D:2)
  5 bats
  3 endoplasms
  5 giant cockroaches
  5 goblins
  6 hobgoblins
  3 kobolds
  2 quokkas
  2 ball pythons
  3 frilled lizards
  4 rats
41 creatures vanquished.

Notes
Turn   | Place    | Note
-------+----------+-------------------------------------------
     0 | D:1      | xian the Felid Air Elementalist began the quest for the
                  | Orb.
     0 | D:1      | Reached XP level 1. HP: 7/7 MP: 4/4
   420 | D:1      | Reached XP level 2. HP: 11/11 MP: 1/6
   494 | D:1      | Learned a level 2 spell: Static Discharge
  1355 | D:2      | Reached XP level 3. HP: 14/14 MP: 5/7
  1432 | D:2      | Reached skill level 1 in Conjurations
  1498 | D:2      | Found a faded altar of an unknown god.
  1512 | D:2      | Prayed at the altar of an unknown god.
  1512 | D:2      | Became a worshipper of Xom the Random Number God
  1539 | D:2      | XOM: silly message
  1864 | D:2      | XOM: cloud trail
  2157 | D:2      | Learned a level 3 spell: Swiftness
  2385 | D:3      | Found an opulent altar of Gozag.
  2424 | D:3      | XOM: silly message
  2483 | D:3      | XOM: potion effect (invisibility)
  2503 | D:3      | Slain by a worm

Illustrated notes

Levels and vault maps discovered:
D:1:      ebering_hopf_link, layout_basic, minmay_worlds_worst_comb
D:2:      layout_loops_cross, basic_ecumenical_altar
D:3:      layout_loops_ring, overflow_temple_1_default

Skill      XL: |  1  2  3 |
---------------+----------+-----
Dodging        | 3 |  3.0
Air Magic      | 3 |  3.4
Stealth        | 3 |  3.0
Conjurations   | 1 |  1.5
Spellcasting   | |  2.6

Action                   || total
-------------------------++-------
Melee: Unarmed           ||    25
       Bite              ||     4
       Punch             ||     1
 Cast: Shock             ||    93
       Static Discharge  ||     1
  Use: Potion            ||     1
Armor: Skin              ||     5
Dodge: Dodged            ||    48

Table legend: (Time is in decaauts)
 A = Elapsed time spent in this place.
 B = Non-inter-level travel time spent in this place.
 C = Inter-level travel time spent in this place.
 D = Time resting spent in this place.
 E = Time spent auto-exploring this place.
 F = Levels seen in this place.
 G = Mean time per level.
                   A        B        C        D        E       F      G
               +--------+--------+--------+--------+--------+-----+--------+
         Total |   2273 |   2238 |     35 |      0 |   1901 |   3 |  757.7 |
       Dungeon |   2273 |   2238 |     35 |      0 |   1901 |   3 |  757.7 |
               +--------+--------+--------+--------+--------+-----+--------+

Top non-repeatable levels by time:
     D:1: 1110 daAuts
     D:2: 1056 daAuts
     D:3: 105 daAuts
